 Dungeon Crawl Stone Soup version 0.23.0 (webtiles) character file.

Game seed: 5184355977844086186

1070 Raclure the Ruffian (level 8, -4/75 HPs)
             Began as a Troll Berserker on Feb 14, 2019.
             Was an Elder of Trog.
             Shot with an arrow by a centaur (15 damage)
             ... on level 6 of the Dungeon.
             The game lasted 00:45:36 (6245 turns).

Raclure the Ruffian (Troll Berserker)               Turns: 6245, Time: 00:45:36

Health: -4/75      AC:  6    Str: 28    XL:     8   Next: 7%
Magic:  7/7        EV:  9    Int:  3    God:    Trog [****..]
Gold:   129        SH:  7    Dex:  9    Spells: 7/7 levels left

rFire    . . .     SeeInvis .     - Unarmed
rCold    . . .     Gourm    +   s - +0 shield
rNeg     . . .     Faith    .   a - +0 animal skin
rPois    .         Spirit   .   (helmet restricted)
rElec    .         Reflect  .   (no cloak)
rCorr    .         Harm     .   (gloves unavailable)
MR       .....     Rnd*Tele +   (boots unavailable)
Stlth    +.........             (no amulet)
HPRegen  0.62/turn              f - +1 ring of evasion
MPRegen  0.10/turn              g - ring of teleportation

@: flying
A: large, unfitting armour, claws 3, fast metabolism 3, gourmand, regeneration
1, shaggy fur 1, tough skin 3
a: Berserk, Trog's Hand, Brothers in Arms, Renounce Religion


You were on level 6 of the Dungeon.
You worshipped Trog.
Trog was greatly pleased with you.
You were full.

You visited 1 branch of the dungeon, and saw 6 of its levels.

You collected 229 gold pieces.
You spent 100 gold pieces at shops.

Inventory:

Hand Weapons
 r - a +1 short sword of freezing
Armour
 a - a +0 animal skin (worn)
 s - a +0 shield (worn)
Magical Staves
 h - an uncursed staff of poison {unknown}
Jewellery
 f - a +1 ring of evasion (left claw)
 g - a ring of teleportation (right claw)
 w - an uncursed ring of protection from cold {unknown}
 z - a +2 ring of protection
Wands
 u - a wand of random effects (17)
Scrolls
 d - a scroll of enchant weapon
 o - 4 scrolls of identify
 p - 2 scrolls of remove curse
Potions
 c - a potion of berserk rage
 e - a potion of flight
 i - a potion of cancellation {unknown}
 j - a potion of haste {unknown}
 k - a potion of degeneration
 l - a potion of might {unknown}
 m - a potion of lignification
 n - a potion of mutation {unknown}
 q - a potion of invisibility {unknown}
 v - a potion of brilliance {unknown}
 x - a potion of curing {unknown}
Comestibles
 b - 5 rations


   Skills:
 + Level 3.4 Fighting
 + Level 4.6 Dodging
 + Level 1.0 Stealth
 + Level 0.1 Shields
 + Level 7.9 Unarmed Combat


You had 7 spell levels left.
You didn't know any spells.
Your spell library contained the following spells:

 Spells                   Type           Power        Failure   Level  Hunger
 Cause Fear               Hex            #.........   100%        4    #####..
 Silence                  Hex/Air        #.........   100%        5    ######.
 Yara's Violent Unravell  Hex/Tmut       #.........   100%        5    ######.
 Deflect Missiles         Chrm/Air       #.........   100%        6    #######
 Discord                  Hex            #.........   100%        8    #######


Dungeon Overview and Level Annotations

Branches:
Dungeon (6/15)             Temple (0/1) D:4

Altars:
Elyvilon
Nemelex Xobeh
Uskayaw

Shops:
D:5 *


Innate Abilities, Weirdness & Mutations

You are too large for most types of armour.
You have claws for hands.
Your metabolism is lightning-fast.
You like to eat raw meat.
Your natural rate of healing is unusually fast.
You are covered in fur. (AC +1)
You have extremely tough skin. (AC +3)


Message History

It was a potion of flight.
You feel very buoyant.
You fly up into the air.
The centaur shoots an arrow.
You block the arrow.
The centaur shoots an arrow.
The arrow barely misses you.
You hear a splash.
The centaur shoots an arrow.
You block the arrow.
You hear a splash.
The centaur shoots an arrow.
The arrow barely misses you.
You hear a splash.
The centaur shoots an arrow.
The arrow barely misses you.
Found 21 sling bullets.
Found 23 arrows.
You start resting.
The centaur is too close now for your liking.
The centaur shoots an arrow.
The arrow barely misses you.
You hear a splash.
The centaur shoots an arrow.
You block the arrow.
You hear a splash.
The centaur shoots an arrow.
The arrow hits you!
You die...

≈≈..≈≈≈≈≈≈≈≈##
≈≈≈≈≈≈≈≈≈......≈≈≈≈≈≈.#
≈≈≈≈≈≈≈≈.cc.....≈≈≈≈≈.#
≈≈≈≈≈≈≈≈..# #...≈≈≈≈≈.#
≈≈≈≈≈≈≈≈..# #....≈≈≈≈.#
≈≈≈≈≈≈≈≈..# #c.c≈≈≈..#
≈≈≈≈≈≈≈≈≈.# #)c≈≈≈.#
..≈≈≈≈≈≈≈(# ##c≈≈≈≈.#
..(≈≈≈≈@≈.####c≈≈≈≈#.#
.####≈≈≈≈≈..≈≈≈≈≈≈(..#
##≈≈≈≈≈≈≈≈≈≈≈###.#
###≈≈≈≈≈≈#### ..#
#.###### ... #.# .# ..#
####


You could see 2 centaurs.

Vanquished Creatures
  An orc warrior (D:6)
  A phantom (D:5)
  An ogre (D:4)
  A centaur (D:6)
  2 scorpions
  A crimson imp (D:5)
  A bullfrog zombie (D:5)
  A hound (D:5)
  A bullfrog skeleton (D:5)
  3 orc wizards
  A centaur skeleton (D:5)
  2 iguanas (D:4)
  2 worker ants
  A hound skeleton (D:4)
  3 gnolls (D:4)
  7 adders
  2 shadow imps (D:5)
  An adder skeleton (D:5)
  2 worms (D:2)
  6 dart slugs
  4 leopard geckos
  21 orcs
  6 ball pythons
  8 bats
  5 giant cockroaches
  9 goblins
  13 hobgoblins
  17 jackals
  A quokka (D:5)
  4 frilled lizards
  2 jackal skeletons
  6 kobolds
  8 rats
144 creatures vanquished.

Notes
Turn   | Place    | Note
-------+----------+-------------------------------------------
     0 | D:1      | Raclure the Troll Berserker began the quest for the Orb.
     0 | D:1      | Reached XP level 1. HP: 22/22 MP: 0/0
   293 | D:1      | Reached XP level 2. HP: 28/29 MP: 1/1
   692 | D:1      | Reached ** piety under Trog
   692 | D:1      | Reached XP level 3. HP: 29/36 MP: 2/2
  1624 | D:1      | Reached XP level 4. HP: 41/44 MP: 3/3
  2533 | D:2      | Reached skill level 4 in Unarmed Combat
  3426 | D:3      | Reached *** piety under Trog
  3460 | D:3      | Reached XP level 5. HP: 52/52 MP: 4/4
  4159 | D:4      | Found a white marble altar of Elyvilon.
  4159 | D:4      | Noticed an ogre
  4172 | D:4      | Killed an ogre
  4172 | D:4      | Reached skill level 5 in Unarmed Combat
  4172 | D:4      | Reached XP level 6. HP: 56/61 MP: 5/5
  4597 | D:4      | Reached skill level 6 in Unarmed Combat
  4676 | D:4      | Found a staircase to the Ecumenical Temple.
  4965 | D:5      | Entered Level 5 of the Dungeon
  4973 | D:5      | Reached XP level 7. HP: 67/67 MP: 6/6
  5224 | D:5      | Reached **** piety under Trog
  5225 | D:5      | Found a hide-covered altar of Uskayaw.
  5234 | D:5      | Found a sparkling altar of Nemelex Xobeh.
  5402 | D:5      | Reached skill level 7 in Unarmed Combat
  5736 | D:5      | Found Pitzapn's Practical Paraphernalia.
  5765 | D:5      | Bought a +2 ring of protection for 100 gold pieces
  6031 | D:5      | Reached skill level 1 in Stealth
  6234 | D:6      | Reached XP level 8. HP: 13/75 MP: 7/7
  6245 | D:6      | Shot with an arrow by a centaur

Skill      XL: |  1  2  3  4  5  6  7 |
---------------+----------------------+-----
Dodging        | 3 4 |  4.6
Unarmed Combat | 4 5 6 7 |  7.9
Fighting       | 3 |  3.4
Stealth        | 1 |  1.0
Shields        | |  0.1

Action                   |  1- 3 |  4- 6 |  7- 9 || total
-------------------------+-------+-------+-------++-------
Melee: Unarmed           |   138 |   171 |    82 ||   391
       Punch             |     2 |     1 |     3 ||     6
Invok: Berserk           |       |     1 |     1 ||     2
  Use: Scroll            |       |     6 |     3 ||     9
       Potion            |       |       |     2 ||     2
  Eat: Chunk             |    16 |    27 |    15 ||    58
       Ration            |       |       |     1 ||     1
Armor: Animal skin       |    53 |    61 |    16 ||   130
Dodge: Dodged            |    87 |   107 |    50 ||   244
Block: Shield            |       |       |    15 ||    15
